 Dungeon Crawl Stone Soup version 0.19.1-1-g22dce08 (webtiles) character file.

8037 dngmouse the Fighter (level 11, -3/110 HPs)
             Began as a Minotaur Fighter on Jan 16, 2017.
             Was an Elder of Okawaru.
             Killed from afar by an electric eel (9 damage)
             ... with a bolt of electricity
             ... on level 11 of the Dungeon.
             The game lasted 00:32:33 (8704 turns).

dngmouse the Fighter (Minotaur Fighter)             Turns: 8704, Time: 00:32:34

Health: -3/110     AC: 16    Str: 30    XL:     11   Next: 4%
Magic:  13/13      EV:  5    Int:  5    God:    Okawaru [****..]
Gold:   681        SH: 14    Dex:  9    Spells: 0 memorised, 10 levels left

rFire  . . .     SeeInvis .     r - +1 war axe (chop)
rCold  . . .     Gourm    .     A - +0 plate armour
rNeg   . . .     Faith    .     c - +0 shield
rPois  .         Spirit   .     (helmet restricted)
rElec  .         Reflect  +     b - +1 cloak
rCorr  .         Harm     .     E - +0 pair of gloves
MR     .....                    (no boots)
Stlth  ..........               s - +4 amulet of reflection
                                n - +4 ring of strength
                                M - +3 ring of strength

@: no status effects
A: retaliatory headbutt, horns 2, slimy green scales 1, clumsy 1, no device heal
1
a: Heroism, Renounce Religion


You were on level 11 of the Dungeon.
You worshipped Okawaru.
Okawaru was greatly pleased with you.
You were very hungry.

You visited 2 branches of the dungeon, and saw 12 of its levels.

You collected 720 gold pieces.
You spent 39 gold pieces at shops.

Inventory:

Hand Weapons
 r - a +1 war axe of chopping (weapon)
Missiles
 a - 2 javelins (quivered)
Armour
 b - a +1 cloak (worn)
 c - a +0 shield (worn)
 A - a +0 plate armour (worn)
 E - a +0 pair of gloves (worn)
Jewellery
 n - a +4 ring of strength (right hand)
 s - a +4 amulet of reflection (around neck)
 t - an uncursed amulet of rage
 M - a +3 ring of strength (left hand)
 Q - an uncursed ring of protection from magic
Wands
 B - a wand of acid (6/15)
 F - a wand of lightning (9/15)
 I - a wand of paralysis (11/24)
 J - a wand of digging (7/24)
 P - a wand of confusion (21/48)
 S - a wand of teleportation (1/9)
Scrolls
 e - 10 scrolls of identify
 h - 7 scrolls of remove curse
 k - 2 scrolls of fear {unknown}
 o - 4 scrolls of enchant armour {unknown}
 x - 4 scrolls of teleportation {unknown}
 y - 5 scrolls of magic mapping {unknown}
 C - 3 scrolls of fog {unknown}
 D - 3 scrolls of amnesia {unknown}
 G - a scroll of enchant weapon {unknown}
 K - a scroll of recharging {unknown}
 O - a scroll of acquirement {unknown}
Potions
 d - a potion of might
 j - 2 potions of lignification
 l - 3 potions of heal wounds
 m - 2 potions of mutation
 p - a potion of ambrosia {unknown}
 u - a potion of agility
 v - 2 potions of brilliance {unknown}
 w - 3 potions of cancellation {unknown}
 z - 3 potions of invisibility {unknown}
 H - 2 potions of flight {unknown}
 L - a potion of curing
 R - a potion of experience {unknown}
Comestibles
 f - 16 bread rations
 g - 13 beef jerkies
 i - 6 meat rations
 q - 4 slices of pizza


   Skills:
 + Level 14.0 Fighting
 - Level 13.1 Axes
 - Level 3.6 Armour
 - Level 3.6 Shields
 + Level 4.9 Invocations


You had 10 spell levels left.
You didn't know any spells.

Dungeon Overview and Level Annotations

Branches:
Dungeon (11/15)            Temple (1/1) D:7            Lair (0/6) D:11
    Orc (0/2) D:10

Altars:
Ashenzari
Cheibriados
Dithmenos
Elyvilon
Fedhas
Gozag
Hepliaklqana
Kikubaaqudgha
Makhleb
Nemelex Xobeh
Okawaru
Qazlal
Ru
Sif Muna
Trog
Uskayaw
Vehumet
Xom
Yredelemnul
Zin
The Shining One

Shops:
D:8 *


Innate Abilities, Weirdness & Mutations

You reflexively headbutt those who attack you in melee.
You have a pair of horns on your head.
You are partially covered in slimy green scales. (AC +2)
You are clumsy. (Dex -2)
Potions and wands are less effective at restoring your health.


Message History

The bolt of electricity hits the electric eel.
The electric eel completely resists.
The electric eel shoots out a bolt of lightning at you!
The bolt of electricity hits you!
* * * LOW HITPOINT WARNING * * *
The electric eel shoots out a bolt of lightning at you!
The bolt of electricity misses you.
It was a potion of mutation.
You feel extremely strange.
You feel clumsy.
Your system partially rejects artificial healing.
Slimy green scales grow over part of your body.
The electric eel shoots out a bolt of lightning at you!
The bolt of electricity misses you.
The electric eel shoots out a bolt of lightning at you!
The bolt of electricity hits you!
* * * LOW HITPOINT WARNING * * *
The electric eel shoots out a bolt of lightning at you!
The bolt of electricity hits the electric eel.
The electric eel completely resists.
The bolt of electricity hits you!
You die...

.....≈≈≈.(≈≈.#
...>..≈≈≈≈...#
.....≈;≈≈....##
≈≈≈≈≈.≈≈≈≈....####
≈≈≈≈≈≈≈≈≈≈≈....÷†#
≈≈≈≈≈≈.≈≈≈..(.÷)<#
≈≈≈≈≈;;≈.≈.$...).#
≈≈≈≈≈≈;....≈.......#
.≈≈≈≈≈≈≈@.(..###.#.#
########.##### #.#.#
############.#######.#
#
..................##.#
######.####.#######.#
#.# #.# #.# #.# #.#
#<# #.. ### ###


You could see 4 electric eels.

Vanquished Creatures
  A gargoyle (D:10)
  A hornet (D:10)
  2 hippogriffs
  Prince Ribbit (D:8)
  Sigmund (D:6)
  Menkaure (D:7)
  The ghost of sveltemanboy the Destroyer, an amateur TeCj (D:3)
  Duvessa (D:7)
  3 ice beasts
  3 phantoms
  A swamp drake (D:10)
  A sky beast (D:10)
  A black bear (D:10)
  6 orc warriors
  2 wolves
  3 ogres
  4 centaurs
  The ghost of dscm the Sneak, an amateur OpEn (D:4)
  2 big kobolds
  9 bullfrogs
  2 wyvern zombies
  Dowan (D:7)
  5 scorpions
  7 killer bees
  4 howler monkeys
  6 crimson imps
  A centaur zombie (D:6)
  A quasit (D:9)
  A bullfrog skeleton (D:8)
  2 jellies (D:7)
  Crazy Yiuf (D:5)
  5 orc priests
  5 hounds
  11 orc wizards
  5 iguanas
  6 worker ants
  A hound skeleton (D:4)
  2 worker ant zombies
  Robin (D:2)
  8 gnolls
  10 adders
  A howler monkey skeleton (D:8)
  A shadow imp (D:11)
  An adder skeleton (D:5)
  An adder zombie (D:6)
  2 dart slugs
  6 leopard geckos
  32 orcs
  8 bats
  3 giant cockroaches
  22 goblins
  7 hobgoblins
  9 jackals
  2 quokkas
  A ball python (D:6)
  3 frilled lizards
  A giant cockroach zombie (D:5)
  A jackal zombie (D:5)
  6 kobolds
  A leopard gecko skeleton (D:5)
  2 quokka zombies (D:9)
  7 rats
247 creatures vanquished.

Vanquished Creatures (others)
  A centaur warrior (D:9)
  Joseph (D:9)
  2 centaurs
  An orc (D:10)
5 creatures vanquished.

Grand Total: 252 creatures vanquished

Notes
Turn   | Place    | Note
-------+----------+-------------------------------------------
     0 | D:1      | dngmouse the Minotaur Fighter began the quest for the Orb.
     0 | D:1      | Reached XP level 1. HP: 19/19 MP: 0/0
    40 | D:1      | Reached XP level 2. HP: 15/27 MP: 1/1
   620 | D:1      | Reached skill level 4 in Fighting
   907 | D:2      | Reached XP level 3. HP: 33/33 MP: 2/2
   932 | D:2      | Noticed Robin
   947 | D:2      | Killed Robin
  1108 | D:2      | Reached XP level 4. HP: 38/40 MP: 3/3
  1113 | D:2      | Reached skill level 5 in Axes
  1764 | D:3      | Noticed sveltemanboy's ghost (amateur TeCj)
  1874 | D:3      | Killed sveltemanboy's ghost
  1874 | D:3      | Reached XP level 5. HP: 46/46 MP: 4/4
  2067 | D:4      | Noticed dscm's ghost (amateur OpEn)
  2081 | D:4      | Killed dscm's ghost
  2081 | D:4      | Reached XP level 6. HP: 43/52 MP: 5/5
  2951 | D:4      | Reached XP level 7. HP: 30/59 MP: 6/6
  3585 | D:5      | Entered Level 5 of the Dungeon
  3674 | D:5      | Reached skill level 10 in Axes
  3947 | D:5      | Found a runed door.
  4248 | D:5      | Noticed Crazy Yiuf
  4253 | D:5      | Killed Crazy Yiuf
  4406 | D:6      | Reached XP level 8. HP: 66/66 MP: 7/7
  4698 | D:6      | Noticed Sigmund
  4716 | D:6      | Killed Sigmund
  4798 | D:7      | Noticed Menkaure
  4964 | D:7      | Killed Menkaure
  5031 | D:7      | Reached skill level 5 in Fighting
  5050 | D:7      | Found a staircase to the Ecumenical Temple.
  5059 | Temple   | Entered the Ecumenical Temple
  5193 | Temple   | Became a worshipper of Warmaster Okawaru
  5225 | D:7      | Noticed Duvessa
  5229 | D:7      | Noticed Dowan
  5236 | D:7      | Reached XP level 9. HP: 59/74 MP: 8/8
  5239 | D:7      | Killed Duvessa
  5239 | D:7      | Reached skill level 6 in Fighting
  5245 | D:7      | Killed Dowan
  5335 | D:7      | Found a hazy altar of Hepliaklqana.
  5387 | D:7      | Reached * piety under Okawaru
  5387 | D:7      | Reached skill level 7 in Fighting
  5641 | D:7      | Reached skill level 8 in Fighting
  5905 | D:8      | Reached skill level 9 in Fighting
  6062 | D:8      | Reached skill level 10 in Fighting
  6116 | D:8      | Found Qeofyam's General Store.
  6128 | D:8      | Bought a scroll of remove curse for 39 gold pieces
  6136 | D:8      | Reached ** piety under Okawaru
  6154 | D:8      | Noticed Prince Ribbit
  6160 | D:8      | Killed Prince Ribbit
  6176 | D:8      | Reached skill level 11 in Fighting
  6339 | D:8      | Reached XP level 10. HP: 83/96 MP: 9/9
  6551 | D:8      | Found a hide-covered altar of Uskayaw.
  6771 | D:9      | Noticed a centaur warrior
  6774 | D:9      | Killed a centaur warrior
  6774 | D:9      | Reached skill level 12 in Fighting
  6988 | D:9      | Noticed Joseph
  6999 | D:9      | Killed Joseph
  7107 | D:9      | Reached skill level 13 in Fighting
  7233 | D:9      | Reached skill level 1 in Invocations
  7332 | D:9      | Reached *** piety under Okawaru
  7538 | D:10     | Entered Level 10 of the Dungeon
  7859 | D:10     | Noticed a gargoyle
  7870 | D:10     | Killed a gargoyle
  8087 | D:10     | Found a staircase to the Orcish Mines.
  8241 | D:11     | Found a staircase to the Lair.
  8438 | D:11     | Reached XP level 11. HP: 108/108 MP: 13/13
  8444 | D:11     | Reached **** piety under Okawaru
  8448 | D:11     | Reached skill level 14 in Fighting
  8703 | D:11     | Gained mutation: You are clumsy. (Dex -2) [potion of mutation]
  8703 | D:11     | Gained mutation: Potions and wands are less effective at restoring your health. [potion of mutation]
  8703 | D:11     | Gained mutation: You are partially covered in slimy green scales. (AC +2) [potion of mutation]
  8703 | D:11     | HP: 5/110 [electric eel/bolt of electricity (7)]
  8704 | D:11     | Killed from afar by an electric eel

Skill      XL: |  1  2  3  4  5  6  7  8  9 10 11 |
---------------+----------------------------------+-----
Axes           | 3 4 6 7 9 11 13 | 13.1
Fighting       | 4 5 11 13 14 | 14.0
Invocations    | 4 |  4.9
Armour         | |  3.6
Shields        | |  3.6

Action                   |  1- 3 |  4- 6 |  7- 9 | 10-12 || total
-------------------------+-------+-------+-------+-------++-------
Melee: War axe           |    83 |   110 |   280 |   144 ||   617
       Headbutt          |    10 |    16 |    61 |    28 ||   115
Throw: Javelin           |       |       |    25 |    62 ||    87
       Tomahawk          |       |       |       |    18 ||    18
       Throwing net      |       |       |       |     2 ||     2
Invok: Heroism           |       |       |       |     2 ||     2
Evoke: Wand              |       |       |     1 |       ||     1
  Use: Scroll            |       |       |     2 |     1 ||     3
       Potion            |       |       |     1 |     2 ||     3
  Eat: Chunk             |     1 |     6 |    10 |     7 ||    24
Armor: Scale mail        |    31 |    42 |     2 |       ||    75
       Plate armour      |       |       |    84 |    71 ||   155
       Skin              |       |       |     1 |       ||     1
Dodge: Dodged            |    34 |    40 |    27 |    21 ||   122
Block: Shield            |    47 |    51 |   160 |   130 ||   388
       Reflection        |       |     1 |     6 |    16 ||    23
